Winona, neutral female human Valkyrie ------------- --- ............ .. .......(.. .--- ........ .... ....... ...- ..... --- --- .... --...---. ---- .---..--- ---|........--..--@.......| |..--...........@.)......- -- --.......................| ..............)....@........`| -........i..............| --...ddB..............-- |....i@R+--..--<.......| --.. ---..|--|..--- .--- .. ---- ---- Winona the Fighter Experience level: 7 Strength: 18 Dexterity: 13 Constitution: 18 Intelligence: 11 Wisdom: 9 Charisma: 8 Health: 0(69) Energy: 16(16) Def: 6 Gold: 612 Moves: 1898 Dungeon seed: YteBdhdUqaxzER7l Game ID: Winona_1466819088 Your Inventory: Coins $ - 612 gold pieces Weapons a - a +2 war hammer (weapon in hand) h - 9 +0 darts j - a +0 long sword m - a +0 knife o - a cursed +0 partisan v - a +0 scimitar D - 10 +0 ya Armor e - an uncursed +3 small shield (being worn) n - an uncursed +0 pair of speed boots (being worn) q - an uncursed +1 dwarvish cloak (being worn) Comestibles t - an uncursed food ration Rings g - a blessed +1 ring of increase damage i - an uncursed ring of levitation (on left hand) p - an uncursed ring of warning (on right hand) Wands c - a wand of cold (0:3) Tools f - an uncursed oil lamp (0:1370) Spells and supernatural/magical abilities: Name Level Category Fail Memory W - pray for help -- divine ? -- Your skills at the end: Miscellaneous Skills shield [Basic] wands [Basic] Weapon Skills dagger [Basic] hammer [Basic] Spellcasting Skills Final Attributes: You were fervently aligned. You were cold resistant. You were stunned. You were confused. You were warned. You were stealthy. You were levitating. You were very fast. You are dead. Vanquished creatures: a small mimic 2 tengu a wraith 3 human zombies a baby crocodile a pony a red naga hatchling a giant ant a kitten 2 hill orcs a centipede a giant bat an orc zombie a wererat an acid blob a hobgoblin 2 green molds 3 jackals a fox 2 newts 3 sewer rats 2 grid bugs 5 lichens a kobold zombie 39 creatures vanquished. Voluntary challenges: You used a wielded weapon 87 times, starting on turn 1. You did not use tools. You read items or engraved 3 times, starting on turn 1414. You never genocided any monsters. You never polymorphed an object. You never changed form. You used no wishes. You never split a pudding. You never wrote Elbereth's name. You violated your moral code, losing 2 points of alignment, starting on turn 524. Dungeon overview: The Dungeons of Doom: levels 1 to 14 Level 1 a long staircase Level 2 an altar to Odin, a fountain Level 3 Level 4 Level 5 many fountains Level 6 Level 7 Level 8 Level 9 an altar to Loki Level 10 an altar to Odin, a fountain Level 11 Level 12 Level 13 a throne Level 14 <- You were here History has recorded: On T:1 you entered the Dungeons of Doom to retrieve the Amulet of Yendor! On T:81 you reached level 2 of The Dungeons of Doom. On T:160 you reached level 3 of The Dungeons of Doom. On T:209 you reached level 4 of The Dungeons of Doom. On T:211 you advanced to experience level 2. On T:234 you reached level 5 of The Dungeons of Doom. On T:272 you advanced to experience level 3. On T:590 you advanced to experience level 4. On T:597 you reached level 6 of The Dungeons of Doom. On T:627 you reached level 7 of The Dungeons of Doom. On T:762 you reached level 8 of The Dungeons of Doom. On T:902 you reached level 9 of The Dungeons of Doom. On T:1109 you reached level 10 of The Dungeons of Doom. On T:1225 you advanced to experience level 5. On T:1378 you reached level 11 of The Dungeons of Doom. On T:1401 you reached level 12 of The Dungeons of Doom. On T:1473 you advanced to experience level 6. On T:1514 you reached level 13 of The Dungeons of Doom. On T:1856 you advanced to experience level 7. On T:1887 you reached level 14 of The Dungeons of Doom. Score breakdown: Gold: 612 ( 61 points) Experience: 7 levels ( 600 points) Exploration: 14 levels ( 390 points) Discoveries: 8 items ( 400 points) Variety of kills: 24 monsters ( 1200 points) Major goal: (nothing yet) ( 0 points) Survival: died (score multiplied by 3) Total score: 7953 Latest messages: b - a +0 dagger (in quiver). You float in the opposite direction. Ouch! The dagger hits the winter wolf cub. You can't seem to think straight. You bump into the winter wolf cub. The winter wolf cub bites! Sparks fly as you whack the wall. Your war hammer vibrates violently! The rust monster touches you! Your dwarvish cloak is not affected. The rust monster misses. You begin praying to Odin. The winter wolf cub bites! (2x) The rust monster touches you! Your dwarvish cloak is not affected. The rust monster touches you! Your dwarvish cloak is not affected. The tengu pecks! You die... Final status: Farvel Winona the Valkyrie, killed by a tengu, while praying... You died in The Dungeons of Doom on dungeon level 14 with 7953 points, and 612 pieces of gold, after 1898 moves. You were level 7 with a maximum of 69 hit points when you died.